 Dungeon Crawl Stone Soup version 0.23-a0-703-gdf2d5e0 (console) character file.

8 Duffy the Firebug (level 2, 19/19 HPs)
             Began as a Demonspawn Fire Elementalist on Jan 13, 2019.
             Quit the game on level 2 of the Dungeon.
             The game lasted 00:00:21 (403 turns).

Duffy the Firebug (Demonspawn Fire Elementalist)     Turns: 403, Time: 00:00:22

Health: 19/19      AC:  3    Str:  8    XL:     2   Next: 0%
Magic:  3/5        EV: 12    Int: 16    God:
Gold:   26         SH:  0    Dex: 13    Spells: 4/5 levels left

rFire    . . .     SeeInvis .   (no weapon)
rCold    + . .     Gourm    .   (no shield)
rNeg     . . .     Faith    .   a - +0 robe
rPois    .         Spirit   .   e - +0 helmet
rElec    .         Reflect  .   (no cloak)
rCorr    .         Harm     .   (no gloves)
MR       .....                  (no boots)
Stlth    ++........             (no amulet)
HPRegen  0.06/turn              (no ring)
MPRegen  0.09/turn              (no ring)

@: no status effects
A: cold resistance 1
a: no special abilities


You were on level 2 of the Dungeon.
You were not hungry.

You visited 1 branch of the dungeon, and saw 2 of its levels.

You collected 26 gold pieces.

Inventory:

Armour
 a - a +0 robe (worn)
 e - a +0 helmet (worn)
Scrolls
 g - a scroll of remove curse {unknown}
Potions
 b - a potion of brilliance {unknown}
 f - a potion of heal wounds {unknown}
Comestibles
 c - a ration
 d - 4 chunks of flesh


   Skills:
 - Level 1.7 Dodging
 - Level 1.7 Stealth
 - Level 2.0 Spellcasting
 + Level 2.1 Conjurations
 - Level 2.6 Fire Magic


You had 4 spell levels left.
You knew the following spells:

 Your Spells              Type           Power        Failure   Level  Hunger
h - Flame Tongue          Conj/Fire      #....        8%          1    #......

Your spell library contained the following spells:

 Spells                   Type           Power        Failure   Level  Hunger
 Throw Flame              Conj/Fire      #.....       12%         2    ###....
 Conjure Flame            Conj/Fire      #.......     24%         3    ###....
 Inner Flame              Hex/Fire       #.......     34%         3    ###....
 Sticky Flame             Conj/Fire      #.......     61%         4    #####..
 Fireball                 Conj/Fire      #.........   91%         5    ######.


Dungeon Overview and Level Annotations

Branches:
Dungeon (2/15)

Altars:


Innate Abilities, Weirdness & Mutations

Your flesh is cold resistant. (rC+)


Message History

f - a yellow potion Some of the chunks of flesh in your inventory have rotted away.
Found a stone staircase leading down.
g - a scroll labeled MYHEUS BEESU A goblin comes into view.
It is wielding a +0 dagger.
A goblin is nearby!
A goblin is nearby!
Some of the chunks of flesh in your inventory have rotted away.
Casting: Flame Tongue (safe; 8% risk of failure)
Confirm with . or Enter, or press ? or * to list all spells.
Aiming: Flame Tongue (safe; 8% risk of failure)
Press: ? - help, Shift-Dir - straight line, f - goblin
Aim: a goblin, wielding a +0 dagger (resting)
The flame tongue hits the goblin.
You kill the goblin!
You have reached level 2!
Your demonic ancestry asserts itself...
You feel resistant to cold.
Unknown command.
Are you sure you want to abandon this character and quit the game? (Confirm with "yes".)

#. #.......# ..
#.......# #.
#.....>.#
#.#####.......#
#.............#
#..####......?#
#..####.##....#
#.....#.#####.####
#####.##.#.##....@..#
.......#.#.#......#.#
.####........>..... #
.#####.#.##...<...).
....##.#.........##.#
.##.##.####.#.##.# .#
.# # .# #.#..... .#
.. .# .. ... # ... #.
.##


There were no monsters in sight!

Vanquished Creatures
  2 bats (D:2)
  A goblin (D:2)
  A hobgoblin (D:2)
  A frilled lizard (D:2)
  3 rats
8 creatures vanquished.

Notes
Turn   | Place    | Note
-------+----------+-------------------------------------------
     0 | D:1      | Duffy the Demonspawn Fire Elementalist began the quest for
                  | the Orb.
     0 | D:1      | Reached XP level 1. HP: 13/13 MP: 3/3
     2 | D:1      | Noticed a merfolk
     4 | D:1      | Noticed a dwarf
     4 | D:1      | Noticed a ghoul
     6 | D:1      | Noticed a troll
     6 | D:1      | Noticed a vampire
     8 | D:1      | Noticed an octopode
    10 | D:1      | Noticed a gargoyle
    10 | D:1      | Noticed a human
    12 | D:1      | Noticed a formicid
    12 | D:1      | Noticed a naga
    14 | D:1      | Noticed a vine stalker
    14 | D:1      | Noticed a tengu
    16 | D:1      | Noticed a halfling
    16 | D:1      | Noticed an elf
    18 | D:1      | Noticed a demonspawn
    18 | D:1      | Noticed a felid
    20 | D:1      | Noticed an ogre
    20 | D:1      | Noticed a demigod
    24 | D:1      | Noticed a minotaur
    24 | D:1      | Noticed a centaur
    26 | D:1      | Noticed a draconian
    26 | D:1      | Noticed a spriggan
   402 | D:2      | Gained mutation: Your flesh is cold resistant. (rC+)
                  | [demonic ancestry]
   402 | D:2      | Reached XP level 2. HP: 19/19 MP: 3/5
   403 | D:2      | Quit the game

Vault maps used:
D:1:      kb_arrival_jail
D:2:      nicolae_overflow_crystal_walls

Skill      XL: |  1 |
---------------+----+-----
Conjurations   | 2 |  2.1
Dodging        | |  1.7
Stealth        | |  1.7
Spellcasting   | |  2.0
Fire Magic     | |  2.6

Action                   || total
-------------------------++-------
 Cast: Flame Tongue      ||     9

Table legend:
 A = Non-vault XP
 B = Vault XP
 C = Vault XP percentage of total XP
 D = Non-vault monster count
 E = Vault monster count
 F = Vault count percentage of total count
                 A         B        C        D         E       F
            +---------+---------+-------+---------+---------+-------
      Total |      12 |       0 |   0.0 |       8 |       0 |   0.0
            +---------+---------+-------+---------+---------+-------
        D:1 |       1 |       0 |   0.0 |       1 |       0 |   0.0
        D:2 |      11 |       0 |   0.0 |       7 |       0 |   0.0
            +---------+---------+-------+---------+---------+-------
